 Dungeon Crawl Stone Soup version 0.30-a0-634-g8abc85282e (webtiles) character file.

Game seed: 17394076377029098711

16672 Bnni the Covert (level 12, -3/67 HPs)
             Began as a Vine Stalker Brigand on Jan 14, 2023.
             Was a Believer of Uskayaw.
             Slain by a very large slime creature (34 damage)
             ... on level 12 of the Dungeon.
             The game lasted 00:24:48 (10113 turns).

Bnni the Covert (Vine Stalker Brigand)             Turns: 10113, Time: 00:24:49

Health: -3/67      AC:  9    Str: 13    XL:     12   Next: 40%
Magic:  0/27       EV: 12    Int: 13    God:    Uskayaw [**....]
Gold:   272        SH:  0    Dex: 22    Spells: 12/17 levels left

rFire   . . .      SeeInvis +    J - +10 scimitar of Makhleb's Indignation {flame, rElec rN+}
rCold   . . .      Faith    .    N - orb {guile}
rNeg    + . .      Spirit   +    t - +2 robe {Will+}
rPois   .          Reflect  .    F - +3 crown of Dyrovepreva {rElec Int+2 SInv}
rElec   +          Harm     .    T - scarf {shadows}
rCorr   .          Rampage  .    a - +0 pair of gloves
Will    +....                    u - +0 pair of boots
Stlth   +++++                    (no amulet)
HPRegen 1.11/turn                f - ring of flight
MPRegen 0.20/turn                v - ring of magical power

@: flying
A: fangs 3, regeneration 1, magic shield, antimagic bite, no potion heal 2,
strong-willed 1
a: Renounce Religion, Stomp, Line Pass


You were on level 12 of the Dungeon.
You worshipped Uskayaw.
Uskayaw was noncommittal.
You visited 1 branch of the dungeon, and saw 12 of its levels.

You collected 960 gold pieces.
You spent 688 gold pieces at shops.

Inventory:

Hand Weapons
 j - a +0 dagger of speed
 y - a +3 rapier of venom
 J - the +10 scimitar of Makhleb's Indignation (weapon) {flame, rElec rN+}
   (You found it on level 7 of the Dungeon)

   rElec:     It insulates you from electricity.
   rN:        It protects you from negative energy.
Missiles
 d - 25 poisoned darts (quivered)
 l - a curare-tipped dart
 A - 5 throwing nets
Armour
 a - a +0 pair of gloves (worn)
 t - a +2 robe of willpower (worn)
 u - a +0 pair of boots (worn)
 F - the +3 crown of Dyrovepreva (worn) {rElec Int+2 SInv}
   (You bought it in a shop on level 4 of the Dungeon)

   Int:       It affects your intelligence (+2).
   rElec:     It insulates you from electricity.
   SInv:      It lets you see invisible.
 N - an orb of guile (worn)
 T - a scarf of shadows (worn)
Jewellery
 f - a ring of flight (left hand)
 o - a ring of fire
 q - a ring of see invisible
 v - a ring of magical power (right hand)
 D - a ring of fire
 E - a ring of fire
Wands
 e - a wand of polymorph (8)
 h - a wand of paralysis (8)
 C - a wand of mindburst (8)
 G - a wand of iceblast (19)
 I - a wand of digging (6)
 M - a wand of flame (15)
 S - a wand of acid (7)
Scrolls
 b - 3 scrolls of fear
 g - 3 scrolls of vulnerability
 i - 3 scrolls of silence
 m - a scroll of summoning
 p - 2 scrolls of enchant armour
 w - 2 scrolls of blinking
 x - 4 scrolls of fog
 z - 4 scrolls of teleportation {unknown}
 H - 2 scrolls of immolation
 L - 5 scrolls of enchant weapon {unknown}
 R - 2 scrolls of amnesia
Potions
 k - a potion of lignification
 n - 2 potions of ambrosia
 r - 8 potions of curing {unknown}
 s - a potion of flight
 B - 2 potions of might
 K - 2 potions of magic
 O - 2 potions of cancellation
 P - a potion of brilliance
 Q - 2 potions of heal wounds {unknown}


   Skills:
 + Level 9.8 Fighting
 - Level 10.0 Short Blades
 - Level 1.7 Throwing
 - Level 2.0 Armour
 - Level 0.7 Dodging
 + Level 11.2 Stealth
 - Level 3.0 Spellcasting
 * Level 5.1 Hexes
 * Level 2.8 Summonings
 - Level 2.0 Ice Magic
 + Level 7.6 Invocations


You had 12 spell levels left.
You knew the following spells:

 Your Spells              Type           Power      Damage    Failure   Level
a - Ensorcelled Hibernat  Hex/Ice        22%        N/A       8%          2
b - Summon Guardian Gole  Hex/Summ       12%        N/A       13%         3

Your spell library contained the following spells:

 Spells                   Type           Power      Damage    Failure   Level
 Summon Small Mammal      Summ           36%        N/A       7%          1
 Freeze                   Ice            28%        1d5       10%         1
 Foxfire                  Conj/Fire      4%         2x1d4     22%         1
 Magic Dart               Conj           4%         1d3       22%         1
 Sandblast                Erth           2%         2d4       22%         1
 Call Canine Familiar     Summ           9%         N/A       22%         3
 Frozen Ramparts          Ice            14%        1d3       30%         3
 Passwall                 Tmut/Erth      0%         N/A       34%         2
 Searing Ray              Conj           2%         2d4       34%         2
 Hailstorm                Conj/Ice       4%         3d4       41%         3
 Swiftness                Air            1%         N/A       56%         3
 Fulminant Prism          Conj/Hex       4%         3d5       61%         4
 Fireball                 Conj/Fire      0%         3d3       99%         5
 Lee's Rapid Deconstruct  Erth           0%         3d4*      99%         5
 Conjure Ball Lightning   Conj/Air       0%         3x3d6     100%        6
 Starburst                Conj/Fire      0%         6d3       100%        6
 Discord                  Hex            7%         N/A       100%        8
 Disjunction              Tloc           0%         N/A       100%        8
 Shatter                  Erth           0%         3d5*      100%        9


Dungeon Overview and Level Annotations

Branches:
Dungeon (12/15)            Temple (0/1) D:7            Lair (0/5) D:10
    Orc (0/2) D:10

Altars:
Elyvilon
Fedhas
Makhleb
Nemelex Xobeh
Qazlal
Ru
Uskayaw
Vehumet
The Shining One

Shops:
D:4 *[   D:9 [   D:11 *

Annotations:
D:7 2 runed translucent doors


Innate Abilities, Weirdness & Mutations

You have razor-sharp teeth.
Your natural rate of healing is unusually fast.
When hurt, damage is shared between your health and your magic reserves.
Your bite disrupts and absorbs the magic of your enemies.
Potions cannot restore your health.
You are strong-willed. (Will+)


Message History

Found a scroll of noise.
O - 2 potions of cancellation (gained 1)
L - 5 scrolls labelled PUEDWUSHE REGIPN (gained 1)
There is a stone staircase leading up here.
A slime creature comes into view.
A slime creature comes into view. x2
The slime creature moves out of view.
A slime creature comes into view.
The slime creature quivers.
The slime creature moves out of view.
An acid dragon, a slime creature and an orc come into view.
The slime creature quivers.
The orc moves out of view.
The slime creature quivers. x3
You slash the slime creature! You burn the slime creature.
Your bite misses the slime creature.
The slime creature is moderately wounded.
The slime creature hits you but does no damage.
You slice the slime creature!! You burn the slime creature.
Your bite misses the slime creature.
The slime creature is heavily wounded.
The slime creature hits you but does no damage.
You barely miss the slime creature.
You bite the slime creature, but do no damage.
The slime creature is heavily wounded.
Two slime creatures merge to form a large slime creature.
Two slime creatures merge to form a very large slime creature.
You slash the very large slime creature!
You burn the very large slime creature. You bite the very large slime creature.
You drain its power.
The very large slime creature is moderately wounded.
The slime creature hits you!
The very large slime creature hits you!!
Two slime creatures merge to form a large slime creature.
You hear a shout!
You can now pass through a line of other dancers.
The very large slime creature attacks as you move away!
The very large slime creature hits you!!!
Ouch! That really hurt!
You die...

##..............#
................#
##.....##########
#.....# #.....#
#.....# #.....#
#.....# #....@#
#####JJ.....
#..D.... #.......
#....... #.......
#.......


You could see a very large slime creature, a large slime creature and an acid
dragon.

Vanquished Creatures
  A centaur warrior (D:8)
  2 boulder beetles
  6 two-headed ogres
  A deep elf pyromancer (D:8)
  A gargoyle (D:8)
  An efreet (D:8)
  2 kobold demonologists
  4 trolls
  A hornet (D:10)
  A slime creature (D:8)
  3 shadows
  2 wraiths
  A wyvern (D:10)
  2 vampires
  15 yaks
  3 steam dragons
  2 acid dragons
  A sky beast (D:7)
  4 orc warriors
  A black bear (D:6)
  3 ice beasts
  An ogre (D:6)
  4 wolves
  4 centaurs
  A phantom (D:4)
  4 kobold brigands
  A bullfrog (D:7)
  3 necrophages
  7 gnoll sergeants
  4 scorpions
  6 wights (D:7)
  2 electric eels (D:10)
  2 howler monkeys
  A jelly (D:6)
  8 hounds
  3 gnoll boudas
  3 orc priests
  4 iguanas
  14 orc wizards
  6 adders
  44 gnolls
  A white imp (D:4)
  An ufetubus (D:5)
  A worm (D:3)
  34 orcs
  7 bats
  3 endoplasms
  4 giant cockroaches
  4 goblins
  5 hobgoblins
  7 jackals
  A quokka (D:1)
  7 ball pythons
  2 frilled lizards (D:1)
  14 kobolds
  5 rats
275 creatures vanquished.

Vanquished Creatures (others)
  A centaur (D:9)
  A gnoll (D:9)
  12 fungi (D:10)
14 creatures vanquished.

Grand Total: 289 creatures vanquished

Notes
Turn   | Place    | Note
-------+----------+-------------------------------------------
     0 | D:1      | Bnni the Vine Stalker Brigand began the quest for the Orb.
     0 | D:1      | Reached XP level 1. HP: 11/11 MP: 2/2
    39 | D:1      | Reached XP level 2. HP: 5/15 MP: 3/3
   394 | D:1      | Reached XP level 3. HP: 18/18 MP: 4/4
   583 | D:2      | You are sucked into a shaft and drop 2 floors!
   583 | D:4      | Found Saawnebo's Armour Emporium.
   599 | D:4      | Found a blossoming altar of Fedhas.
   665 | D:4      | Gained mutation: Your natural rate of healing is unusually
                  | fast. [Vine Stalker growth]
   665 | D:4      | Reached XP level 4. HP: 15/23 MP: 5/5
   820 | D:4      | Found Efolimeu's Elemental Accessories.
  1508 | D:3      | Found a burning altar of Makhleb.
  1918 | D:3      | Found a radiant altar of Vehumet.
  1924 | D:3      | Reached XP level 5. HP: 28/28 MP: 6/6
  2396 | D:4      | Found a white marble altar of Elyvilon.
  2416 | D:4      | Reached XP level 6. HP: 20/32 MP: 7/7
  2546 | D:4      | Reached skill level 5 in Short Blades
  2801 | D:4      | Found a sparkling altar of Nemelex Xobeh.
  3073 | D:4      | Reached XP level 7. HP: 37/37 MP: 8/8
  3242 | D:5      | Entered Level 5 of the Dungeon
  3254 | D:5      | Got Lee's Book of the Plateau
  3603 | D:5      | Gained mutation: You have razor-sharp teeth. [Vine Stalker
                  | growth]
  3603 | D:5      | Reached XP level 8. HP: 31/42 MP: 9/9
  3760 | D:5      | Reached skill level 5 in Fighting
  4125 | D:5      | Found a glowing golden altar of the Shining One.
  4444 | D:6      | Found a hide-covered altar of Uskayaw.
  4453 | D:6      | Reached XP level 9. HP: 40/48 MP: 10/10
  4474 | D:6      | Noticed a two-headed ogre
  4479 | D:6      | Killed a two-headed ogre
  4519 | D:6      | Became a worshipper of Uskayaw the Reveller
  4531 | D:6      | Reached * piety under Uskayaw
  4540 | D:6      | Reached skill level 5 in Stealth
  4721 | D:6      | Reached skill level 1 in Invocations
  4815 | D:7      | Reached ** piety under Uskayaw
  4890 | D:7      | Found a large runed translucent door.
  4890 | D:7      | Found a large runed translucent door.
  4917 | D:7      | Reached *** piety under Uskayaw
  4920 | D:7      | Found a large runed translucent door.
  4920 | D:7      | Found a large runed translucent door.
  4975 | D:7      | Reached skill level 10 in Short Blades
  4981 | D:7      | Reached skill level 6 in Stealth
  4981 | D:7      | Reached XP level 10. HP: 55/55 MP: 13/13
  4983 | D:7      | Identified the +10 scimitar of Makhleb's Indignation
                  | {flame, rElec rN+}
  5229 | D:7      | Found a staircase to the Ecumenical Temple.
  5615 | D:7      | Reached **** piety under Uskayaw
  5619 | D:7      | Reached ***** piety under Uskayaw
  5738 | D:7      | Reached skill level 7 in Stealth
  5865 | D:7      | Noticed a two-headed ogre
  5873 | D:7      | Killed a two-headed ogre
  6145 | D:8      | Noticed a centaur warrior
  6146 | D:8      | Noticed a boulder beetle
  6429 | D:8      | Reached skill level 8 in Stealth
  6983 | D:4      | Bought the +3 crown of Dyrovepreva {rElec Int+2 SInv} for
                  | 414 gold pieces
  6983 | D:4      | Found the +3 crown of Dyrovepreva {rElec Int+2 SInv}
  7132 | D:8      | Noticed a gargoyle
  7134 | D:8      | Noticed a deep elf pyromancer
  7180 | D:8      | Gained mutation: You are frail. (-10% HP) [potion of
                  | mutation]
  7181 | D:8      | Lost mutation: You are frail. (-10% HP) [potion of
                  | mutation]
  7181 | D:8      | Gained mutation: You are strong-willed. (Will+) [potion of
                  | mutation]
  7323 | D:8      | Reached skill level 5 in Invocations
  7327 | D:8      | Killed a gargoyle
  7334 | D:8      | Reached skill level 9 in Stealth
  7336 | D:8      | Reached ****** piety under Uskayaw
  7337 | D:8      | Reached XP level 11. HP: 49/60 MP: 16/16
  7337 | D:8      | Killed a deep elf pyromancer
  7346 | D:8      | Killed a centaur warrior
  7351 | D:8      | Killed a boulder beetle
  7352 | D:8      | Reached skill level 10 in Stealth
  7395 | D:8      | Learned a level 2 spell: Ensorcelled Hibernation
  7606 | D:4      | Bought an orb of guile for 130 gold pieces
  7754 | D:9      | Reached skill level 1 in Hexes
  7797 | D:9      | Found a sacrificial altar of Ru.
  7834 | D:9      | Noticed a two-headed ogre
  7847 | D:9      | Reached skill level 1 in Spellcasting
  7853 | D:9      | Killed a two-headed ogre
  8038 | D:9      | Found Qischam's Antique Armour Emporium.
  8127 | D:9      | Found a stormy altar of Qazlal.
  8197 | D:10     | Entered Level 10 of the Dungeon
  8197 | D:10     | Found a staircase to the Orcish Mines.
  8230 | D:10     | Noticed a two-headed ogre
  8232 | D:10     | Killed a two-headed ogre
  8426 | D:10     | Reached skill level 1 in Armour
  8652 | D:10     | Paralysed by a hornet for 1 turns
  8680 | D:10     | Found a staircase to the Lair.
  8763 | D:10     | Reached XP level 12. HP: 33/67 MP: 16/18
  9406 | D:11     | Learned a level 3 spell: Summon Guardian Golem
  9464 | D:11     | Reached skill level 11 in Stealth
  9464 | D:11     | Reached skill level 1 in Summonings
  9464 | D:11     | Reached skill level 1 in Ice Magic
  9668 | D:11     | Found Ifent's Neck Hole.
  9676 | D:11     | Bought a scarf of shadows for 144 gold pieces
  9788 | D:11     | Noticed a boulder beetle
  9796 | D:11     | Killed a boulder beetle
  9798 | D:11     | Identified the +1 plate armour of the Flute {Fly rF+}
  9859 | D:11     | Noticed a two-headed ogre
  9865 | D:11     | Killed a two-headed ogre
  9866 | D:11     | Reached skill level 5 in Hexes
  9983 | D:11     | Noticed a two-headed ogre
  9990 | D:11     | Killed a two-headed ogre
 10113 | D:12     | Slain by a very large slime creature

Illustrated notes

Levels and vault maps discovered:
D:1:      scummos_arrival_checkerplants, layout_rooms, minmay_heptomino_h4
D:2:      layout_loops_ring
D:3:      layout_loops_corners, mainiacjoe_overflow_concentric_impassable,
          mainiacjoe_overflow_brackets
D:4:      layout_rooms, lemuel_round_altar, nemelex_diamond_rough_becter,
          elyvilon_altar_1, serial_shops, shop, hangedman_decor_diamond_cutter,
          minmay_door_square, dk_noncrumbling_4,
          hangedman_abyss_or_decor_stagger, nicolae_elemental_shop
D:5:      layout_cave_pools, tso_altar, serial_gnoll_camp, gnoll_camp_mini_hut,
          gnoll_camp_mini_house, gnoll_camp_mini_hut, gnoll_camp_huts_moat
D:6:      layout_rooms, eat_drink_and_be_merry_uskayaw
D:7:      layout_loops_corners, lemuel_temple_firewalk_b,
          minmay_hollow_rounded_squares
D:8:      layout_basic, kennysheep_nondescript, minivault_12
D:9:      layout_rooms, mainiacjoe_overflow_catwalk_spiral, serial_shops, shop
D:10:     layout_cave_pods, erik_lair_island, dreamdust_mushroom_princess
D:11:     layout_irregular_city, nicolae_shop_sticking_my_neck_out
D:12:     layout_basic, serial_shops, shop_statue, lemuel_flamethrower_2

Skill      XL: |  1  2  3  4  5  6  7  8  9 10 11 12 |
---------------+-------------------------------------+-----
Short Blades   | 2 3 4 5 6 8 10 | 10.0
Fighting       | 2 3 4 6 7 8 9 |  9.8
Stealth        | 6 9 10 11 | 11.2
Invocations    | 2 5 7 |  7.6
Hexes          | 4 5 |  5.1
Spellcasting   | 2 3 |  3.0
Armour         | 2 |  2.0
Summonings     | 2 |  2.8
Ice Magic      | 2 |  2.0
Throwing       | |  1.7
Dodging        | |  0.7

Action                   |  1- 3 |  4- 6 |  7- 9 | 10-12 || total
-------------------------+-------+-------+-------+-------++-------
Melee: Dagger            |   105 |   221 |   230 |       ||   556
       Bite              |    21 |    69 |    93 |    85 ||   268
       Punch             |     1 |     3 |     3 |     1 ||     8
       Spear             |       |       |    84 |       ||    84
       Scimitar          |       |       |       |   279 ||   279
Throw: Dart              |       |     5 |    11 |     1 ||    17
       Throwing net      |       |       |     2 |     2 ||     4
 Cast: Ensorcelled Hiber |       |       |       |     3 ||     3
Evoke: Wand              |       |       |       |     5 ||     5
  Use: Potion            |       |       |       |    10 ||    10
       Scroll            |       |       |       |    13 ||    13
 Stab: Sleeping          |     4 |       |    12 |    13 ||    29
       Paralysed         |       |       |     2 |    22 ||    24
       Distracted        |       |       |     1 |     1 ||     2
       Held in net/web   |       |       |     1 |       ||     1
Armor: Robe              |     7 |       |       |    31 ||    38
       Ring mail         |    30 |     6 |       |       ||    36
       Chain mail        |       |    93 |       |       ||    93
       Leather armour    |       |     6 |    98 |    84 ||   188
Dodge: Dodged            |    49 |    65 |   152 |   170 ||   436

Table legend: (Time is in decaauts)
 A = Elapsed time spent in this place.
 B = Non-inter-level travel time spent in this place.
 C = Inter-level travel time spent in this place.
 D = Time resting spent in this place.
 E = Time spent auto-exploring this place.
 F = Levels seen in this place.
 G = Mean time per level.
                   A        B        C        D        E       F      G
               +--------+--------+--------+--------+--------+-----+--------+
         Total |  10001 |   9350 |    651 |    232 |   7037 |  12 |  833.4 |
       Dungeon |  10001 |   9350 |    651 |    232 |   7037 |  12 |  833.4 |
               +--------+--------+--------+--------+--------+-----+--------+

Top non-repeatable levels by time:
     D:8: 1410 daAuts
     D:4: 1268 daAuts
     D:7: 1255 daAuts
    D:10: 1005 daAuts
     D:5: 994 daAuts
    D:11: 864 daAuts
     D:3: 801 daAuts
     D:2: 687 daAuts
     D:6: 655 daAuts
     D:1: 504 daAuts
     D:9: 493 daAuts
    D:12: 61 daAuts
